 Dungeon Crawl Stone Soup version 0.31-a0-4-gefa6de2278 (webtiles) character file.

Game seed: 5884637236292997115

2092 ytrimaz the Thaumaturge (level 9, -1/55 HPs)
             Began as a Djinni Ice Elementalist on May 3, 2023.
             Was an Initiate of Ashenzari.
             Slain by a sky beast (6 damage)
             ... on level 7 of the Dungeon.
             The game lasted 00:12:17 (7332 turns).

ytrimaz the Thaumaturge (Djinni Ice Elementalist)   Turns: 7332, Time: 00:12:18

Health: -1/55      AC:  4    Str:  7    XL:     9   Next: 52%
Gold:   239        EV: 18    Int: 20    God:    Ashenzari [......] SH:  0 Dex: 21

rFire   + + .        (no weapon)
rCold   x . .        (no shield)
rNeg    . . .        a - +1 robe
rPois   ∞            (no helmet)
rElec   .            m - +0 cloak
rCorr   .            (no gloves)
SInv    .            (boots unavailable)
Will    .....        (no amulet)
Stlth   ++           t - +6 ring of dexterity
HPRegen 0.29/turn    (no ring)
MPRegen 0.00/turn

%: infuse magic (-2 HP)
@: flying
A: sickness immunity, fire resistance 2, cold vulnerability 1, float, innate
caster, HP casting, extra vitality 1
a: Renounce Religion, Curse Item


You were on level 7 of the Dungeon.
You worshipped Ashenzari.
Ashenzari was noncommittal.
You visited 2 branches of the dungeon, and saw 8 of its levels.

You collected 239 gold pieces.


Innate Abilities, Weirdness & Mutations

You are immune to sickness and miasma.
You are immune to poison.
Your flesh is very heat resistant. (rF++)
You are vulnerable to cold. (rC-)
You float through the air rather than walking.
You learn spells naturally, not from books.
Your magical power is your life essence.
You have superior vitality. (+4 MHP)


   Skills:
 + Level 8.0 Dodging
 - Level 1.5 Stealth
 * Level 8.2 Spellcasting


You knew the following spells:

 Your Spells              Type           Power      Damage    Failure   Level
a - Freeze                Ice            100%       1d10      1%          1
b - Frozen Ramparts       Ice            82%        1d13      1%          3
c - Ozocubu's Armour      Ice            41%        N/A       1%          3
d - Summon Ice Beast      Ice/Summ       41%        N/A       2%          4
e - Sting                 Tmut/Pois      100%       1d8       1%          1
f - Passwall              Tmut/Erth      34%        N/A       1%          2
g - Momentum Strike       Conj/Tloc      82%        3d10      1%          2
h - Mephitic Cloud        Conj/Pois/Air  41%        N/A       1%          3
Your spell library was empty.

Inventory:

Armour
 a - a +1 robe (worn)
 m - a +0 cloak (worn)
   (You found it on level 3 of the Dungeon)
Jewellery
 t - a +6 ring of dexterity (left hand)
   (You found it on level 5 of the Dungeon)
Wands
 e - a wand of iceblast (12)
   (You found it on level 2 of the Dungeon)
Scrolls
 g - 2 scrolls of enchant weapon
 k - 3 scrolls of fear
 n - a scroll of enchant armour
 o - a scroll of teleportation
 u - a scroll of torment {unknown}
Potions
 b - a potion of invisibility
 c - 2 potions of heal wounds
 d - 4 potions of flight
 f - a potion of might {unknown}
 h - a potion of attraction {unknown}
 i - 2 potions of curing
 j - 2 potions of resistance
 l - 3 potions of mutation {unknown}
 p - a potion of degeneration {unknown}
 q - a potion of brilliance {unknown}
 r - a potion of lignification {unknown}
 s - 2 potions of ambrosia {unknown}

Dungeon Overview and Level Annotations

Branches:
Dungeon (7/15) Zot: 26829  Temple (1/1) D:5 Zot: 5704

Altars:
Ashenzari
Cheibriados
Dithmenos
Elyvilon
Fedhas
Gozag
Makhleb
Nemelex Xobeh
Okawaru
Ru
Trog
Uskayaw
Wu Jian
Xom
Yredelemnul
Zin
The Shining One

Shops:
D:1 [   D:6 *[

Annotations:
D:2 1 runed translucent door, Crazy Yiuf
D:5 1 runed translucent door, relicbr's ghost, novice HuCj

#.#$#.#.#.#=#.#
##.#.#.#.#.#.#.#
#####.#.#.#.#†#.#.#.#
#........#.#.#.#.#.#.#
......#[#)#)#.#.#.#.
.......#.#.#.#.#.#.#
#'#.#.#.#.#.#.#.#.#
#.#.#.#.#.#.#.#.#.
#.#@#.#.#.#.#.#.
#.#.#.#.#.#.#.#.
#.....Y...#.#.#.#.
#........#####.##
#........# .#
##########


You could see a friendly ice beast (summoned).


Message History

You take 10 damage, and now have 41/55 hp.
Casting: Freeze (safe; 1% risk of failure)
Confirm with . or Enter, or press ? or * to list all spells.
Aiming: Freeze (safe; 1% risk of failure)
Press: ? - help, Shift-Dir - straight line, f/p - wyvern
Aim: a wyvern (severely wounded)
You freeze the wyvern!
The wall freezes the wyvern.
You kill the wyvern!
Your Dodging skill increases to level 8! 😮 HP[-1]
You take 1 damage, and now have 40/55 hp.
Aiming: Freeze (safe; 1% risk of failure)
Press: ? - help, Q - select action, (/) - cycle Shift-Dir - straight line, f - you That would be overly suicidal.
Okay, then.
Unknown command.
The frozen ramparts melt away.
A sky beast is nearby! 😮 HP[+1]
A sky beast is nearby!
Unknown command.
A sky beast is nearby!
A sky beast is nearby!
Your icy armour will break if you move.
Continue? [Y]es or [N]o only, please.
Your icy armour will break if you move.
Continue? [Y]es or [N]o only, please.
Your icy armour will break if you move.
Continue?
Okay, then.
Your icy armour will break if you move.
Continue? [Y]es or [N]o only, please.
Your icy armour will break if you move.
Continue?
Your icy armour cracks and falls away as you move.
Items here: ( ) [ †.
Unknown command. 😕 HP[+1] 😕 HP[+1]
Casting: Freeze (safe; 1% risk of failure)
Confirm with . or Enter, or press ? or * to list all spells.
You can't see any susceptible monsters within range! (Use Z to cast anyway.) Unknown command.
The sky beast completely misses you.
Casting: Freeze (safe; 1% risk of failure)
Confirm with . or Enter, or press ? or * to list all spells.
Casting: Frozen Ramparts (safe; 1% risk of failure)
Press: ? - help, Dir - look around, f - activate The walls around you are covered in ice.
The wall freezes the sky beast.
The sky beast barely misses you. 😮 HP[-3]
You take 3 damage, and now have 40/55 hp.
Casting: Frozen Ramparts (safe; 1% risk of failure)
Confirm with . or Enter, or press ? or * to list all spells.
Aiming: Freeze (safe; 1% risk of failure)
Press: ? - help, Shift-Dir - straight line, f - sky beast
Aim: a sky beast (lightly wounded)
You freeze the sky beast.
The wall freezes the sky beast but does no damage.
The sky beast flickers out of sight!
Deactivating autopickup; reactivate with Ctrl-A.
Something hits you. Something shocks you. 😮 HP[-9]
You take 9 damage, and now have 31/55 hp.
Casting: Freeze (safe; 1% risk of failure)
Confirm with . or Enter, or press ? or * to list all spells.
You can't see any susceptible monsters within range! (Use Z to cast anyway.) Unknown command.
Casting: Freeze (safe; 1% risk of failure)
Confirm with . or Enter, or press ? or * to list all spells.
A chill wind blows around you.
* * * LOW HITPOINT WARNING * * *
The wall freezes something.
Something hits you.
* * * LOW HITPOINT WARNING * * *
Something shocks you.
* * * LOW HITPOINT WARNING * * *
😨 HP[-9]
You take 9 damage, and now have 22/55 hp.
Unknown command.
The wall freezes something!
Something closely misses you.
The wall freezes something but does no damage.
Something hits you.
* * * LOW HITPOINT WARNING * * *
Something shocks you.
* * * LOW HITPOINT WARNING * * *
😨 HP[-8]
You take 8 damage, and now have 14/55 hp.
The wall freezes something.
Something hits you.
* * * LOW HITPOINT WARNING * * *
Something shocks you.
* * * LOW HITPOINT WARNING * * *
😱 HP[-8]
You take 8 damage, and now have 6/55 hp.
Unknown command.
Your frozen ramparts will break if you move.
Continue?
Something barely misses you.
The frozen ramparts melt away as you move.
Unknown command.
Something hits you.
* * * LOW HITPOINT WARNING * * *
Something shocks you.
You die...

Skill      XL: |  1  2  3  4  5  6  7  8  9 |
---------------+----------------------------+-----
Dodging        | 3 4 5 7 8 |  8.0
Spellcasting   | 4 5 6 7 8 |  8.2
Stealth        | |  1.5

Action                     |  1- 3 |  4- 6 |  7- 9 || total
---------------------------+-------+-------+-------++-------
  Melee: Unarmed           |    10 |    15 |    39 ||    64
         Punch             |     1 |       |     1 ||     2
   Cast: Freeze            |    35 |    31 |    63 ||   129
         Frozen Ramparts   |     5 |    33 |    25 ||    63
         Sting             |     2 |       |       ||     2
         Ozocubu's Armour  |       |     5 |     5 ||    10
         Summon Ice Beast  |       |     3 |    16 ||    19
         Momentum Strike   |       |       |     3 ||     3
         Mephitic Cloud    |       |       |     3 ||     3
  Evoke: Wand              |       |     1 |     2 ||     3
    Use: Scroll            |     1 |    10 |     3 ||    14
         Potion            |       |     1 |     2 ||     3
 Armour: Robe              |    10 |    19 |    35 ||    64
  Dodge: Dodged            |    34 |    46 |   109 ||   189

Levels and vault maps discovered:
D:1:      amcnicky_arrival_single_pillar, layout_basic, serial_shops,
          nicolae_shop_crystal, minmay_octomino_e4
D:2:      layout_loops_ring, uniq_crazy_yiuf_cottage
D:3:      layout_loops_cross, lightli_temple_of_fire, uniq_natasha
D:4:      layout_loops_corners, dreamdust_princess_bridge
D:5:      layout_loops_corners, minmay_temple_entry_junction,
          ebering_ghost_sewer_d, minmay_mini_ossuary, uniq_grinder
D:6:      layout_basic, serial_shops, shop, nicolae_shop_gadgets
D:7:      layout_basic, nicolae_hepliaklqana_monster_ancestors
Temple:   compressed_dpeg_triangle_lava_temple

Notes
Turn   | Place    | Note
-------+----------+-------------------------------------------
     0 | D:1      | ytrimaz the Djinni Ice Elementalist began the quest for the
                  | Orb.
     0 | D:1      | ytrimaz set off with the following spells memorised:
                  | Freeze, Frozen Ramparts, Ozocubu's Armour, Summon Ice
                  | Beast.
     0 | D:1      | Reached XP level 1. HP: 15/15 MP: 0/0
     0 | D:1      | magus.rc [v1.9.6]
   204 | D:1      | Reached XP level 2. HP: 19/21 MP: 0/0
   449 | D:1      | Found Ramip's Armour Shoppe.
   567 | D:1      | Reached skill level 3 in Dodging
   567 | D:1      | Reached XP level 3. HP: 20/25 MP: 0/0
   567 | D:1      | Learned a level 1 spell: Sting
   812 | D:1      | magus.rc [v1.9.6]
  1068 | D:2      | Found a runed translucent door.
  1069 | D:2      | Noticed Crazy Yiuf
  1110 | D:2      | HP: 5/25 [worm (9)]
  1686 | D:2      | Reached XP level 4. HP: 25/31 MP: 0/0
  2111 | D:3      | Noticed Natasha
  2116 | D:3      | Killed Natasha
  2117 | D:3      | Reached skill level 4 in Spellcasting
  2168 | D:3      | Noticed Natasha
  2177 | D:3      | Killed Natasha
  2178 | D:3      | Reached XP level 5. HP: 32/35 MP: 0/0
  2178 | D:3      | Learned a level 2 spell: Passwall
  2595 | D:3      | Noticed Natasha
  2601 | D:3      | Killed Natasha
  2602 | D:3      | Reached skill level 4 in Dodging
  2931 | D:3      | Found a bloodstained altar of Trog.
  2975 | D:4      | Reached XP level 6. HP: 33/40 MP: 0/0
  4084 | D:5      | Entered Level 5 of the Dungeon
  4137 | D:5      | Noticed relicbr's ghost (novice HuCj)
  4176 | D:5      | Found a runed translucent door.
  4201 | D:5      | Noticed an ice beast
  4245 | D:5      | HP: 3/40 [ice beast (15)]
  4276 | D:5      | Killed an ice beast
  4277 | D:5      | Reached skill level 5 in Spellcasting
  4277 | D:5      | Reached XP level 7. HP: 12/45 MP: 0/0
  4277 | D:5      | Learned a level 2 spell: Momentum Strike
  4383 | D:5      | Noticed Grinder
  4411 | D:5      | HP: 10/45 [Grinder/nerve-wracking pain (3)]
  4413 | D:5      | Killed Grinder
  4414 | D:5      | Reached skill level 5 in Dodging
  4668 | D:5      | Found a staircase to the Ecumenical Temple.
  4682 | D:5      | Reached skill level 6 in Spellcasting
  4737 | D:5      | Reached XP level 8. HP: 46/50 MP: 0/0
  4742 | D:5      | Reached skill level 6 in Dodging
  4862 | Temple   | Entered the Ecumenical Temple
  5147 | Temple   | Became a worshipper of Ashenzari the Shackled
  5727 | D:5      | HP: 6/50 [ogre/+0 giant club (34)]
  6213 | D:6      | HP: 11/50 [ice beast (21)]
  6217 | D:6      | Reached skill level 7 in Spellcasting
  6642 | D:6      | Found Jisosk's Antique Armour Shop.
  6858 | D:6      | Reached skill level 7 in Dodging
  6858 | D:6      | Reached XP level 9. HP: 44/55 MP: 0/0
  6858 | D:6      | Learned a level 3 spell: Mephitic Cloud
  7013 | D:6      | Found Meazuple's Gadget Gallery.
  7306 | D:7      | Reached skill level 8 in Spellcasting
  7316 | D:7      | Reached skill level 8 in Dodging
  7330 | D:7      | HP: 11/55 [something (4)]
  7332 | D:7      | HP: 5/55 [something (1)]
  7332 | D:7      | Slain by a sky beast

Vanquished Creatures
  A wyvern (D:7)
  2 sky beasts (D:7)
  3 ice beasts
  A black bear (D:5)
  An ogre (D:6)
  A scorpion (D:6)
  2 hounds (D:5)
  An orc priest (D:4)
  A sleepcap (D:5)
  2 iguanas
  Natasha (thrice) (D:3)
  6 orc wizards
  4 adders
  A white imp (D:5)
  An ufetubus (D:4)
  4 worms
  2 dart slugs (D:1)
  26 orcs
  5 ball pythons
  6 bats
  7 endoplasms
  4 giant cockroaches
  4 hobgoblins
  13 kobolds
  A quokka (D:4)
  4 frilled lizards
  7 goblins
  An orc zombie (D:5)
  6 rats
120 creatures vanquished.

Vanquished Creatures (collateral kills)
  Grinder (D:5)
  A water moccasin (D:7)
  A black bear (D:5)
  2 ogres (D:5)
  A bullfrog (D:7)
  A howler monkey (D:6)
  A mummy (D:5)
  2 adders
  4 orcs
  An endoplasm (D:3)
  A hobgoblin zombie (D:5)
  2 orc zombies (D:5)
18 creatures vanquished.

Grand Total: 138 creatures vanquished

Table legend:
 A = Non-vault XP
 B = Vault XP
 C = Vault XP percentage of total XP
 D = Non-vault monster count
 E = Vault monster count
 F = Vault count percentage of total count
                 A         B        C        D         E       F
            +---------+---------+-------+---------+---------+-------
      Total |    2661 |     328 |  11.0 |     128 |      10 |   7.2
            +---------+---------+-------+---------+---------+-------
        D:1 |      34 |       4 |  10.5 |      18 |       3 |  14.3
        D:2 |      39 |       0 |   0.0 |      12 |       0 |   0.0
        D:3 |     124 |      35 |  22.0 |      25 |       1 |   3.8
        D:4 |     165 |       0 |   0.0 |      23 |       0 |   0.0
        D:5 |     973 |     289 |  22.9 |      23 |       6 |  20.7
        D:6 |     565 |       0 |   0.0 |      20 |       0 |   0.0
        D:7 |     761 |       0 |   0.0 |       7 |       0 |   0.0
            +---------+---------+-------+---------+---------+-------

Skill      XL: |  1  2  3  4  5  6  7  8  9 |
---------------+----------------------------+-----
Dodging        | 3 4 5 7 8 |  8.0
Spellcasting   | 4 5 6 7 8 |  8.2
Stealth        | |  1.5

Action                     |  1- 3 |  4- 6 |  7- 9 || total
---------------------------+-------+-------+-------++-------
  Melee: Unarmed           |    10 |    15 |    39 ||    64
         Punch             |     1 |       |     1 ||     2
   Cast: Freeze            |    35 |    31 |    63 ||   129
         Frozen Ramparts   |     5 |    33 |    25 ||    63
         Sting             |     2 |       |       ||     2
         Ozocubu's Armour  |       |     5 |     5 ||    10
         Summon Ice Beast  |       |     3 |    16 ||    19
         Momentum Strike   |       |       |     3 ||     3
         Mephitic Cloud    |       |       |     3 ||     3
  Evoke: Wand              |       |     1 |     2 ||     3
    Use: Scroll            |     1 |    10 |     3 ||    14
         Potion            |       |     1 |     2 ||     3
 Armour: Robe              |    10 |    19 |    35 ||    64
  Dodge: Dodged            |    34 |    46 |   109 ||   189

Illustrated notes

Table legend:
 A = Kills in this place as a percentage of kills in the entire game.
 B = Kills by you in this place as a percentage of kills by you in the entire game.
 C = Kills by friends in this place as a percentage of kills by friends in the entire game.
 D = Other kills in this place as a percentage of other kills in the entire game.
 E = Experience gained in this place as a percentage of experience gained in the entire game.
 F = Experience gained in this place divided by the number of levels of this place that you have seen.
                   A       B       C       D       E      F
               +-------+-------+-------+-------+-------+----------------------
         Total | 100.0 | 100.0 | 100.0 |   N/A | 100.0 | 373.6
       Dungeon | 100.0 | 100.0 | 100.0 |   N/A | 100.0 | 427.0
               +-------+-------+-------+-------+-------+----------------------

Table legend: (Time is in decaauts)
 A = Elapsed time spent in this place.
 B = Non-inter-level travel time spent in this place.
 C = Inter-level travel time spent in this place.
 D = Time resting spent in this place.
 E = Time spent auto-exploring this place.
 F = Levels seen in this place.
 G = Mean time per level.
                   A        B        C        D        E       F      G
               +--------+--------+--------+--------+--------+-----+--------+
         Total |   7330 |   7174 |    156 |     39 |   6046 |   8 |  916.2 |
       Dungeon |   7034 |   6892 |    142 |     39 |   5785 |   7 | 1004.9 |
        Temple |    295 |    281 |     14 |      0 |    261 |   1 |  295.0 |
               +--------+--------+--------+--------+--------+-----+--------+

Top non-repeatable levels by time:
     D:5: 1818 daAuts
     D:4: 1113 daAuts
     D:2: 1057 daAuts
     D:1: 1016 daAuts
     D:6: 961 daAuts
     D:3: 895 daAuts
  Temple: 295 daAuts
     D:7: 170 daAuts
